 Dungeon Crawl Stone Soup version 0.29-a0-857-g9b1aa3ac5b (webtiles) character file.

Game seed: 13676122476889119480

982 jimonade the Shooter (level 8, -9/54 HPs)
             Began as an Octopode Hunter on July 16, 2022.
             Mangled by an ice beast (13 damage)
             ... on level 5 of the Dungeon.
             The game lasted 00:12:49 (5090 turns).

jimonade the Shooter (Octopode Hunter)              Turns: 5090, Time: 00:12:51

Health: -9/54      AC:  1    Str: 11    XL:     8   Next: 17%
Magic:  0/13       EV: 18    Int: 11    God:
Gold:   32         SH:  0    Dex: 17    Spells: 13/13 levels left

rFire   . . .      SeeInvis .   a - +0 shortbow
rCold   . . .      Faith    .   (shield currently unavailable)
rNeg    . . .      Spirit   +   (helmet restricted)
rPois   +          Reflect  .   p - amulet of guardian spirit
rElec   .          Harm     .   k - ring of willpower
rCorr   .          Rampage  .   x - +4 ring of evasion
Will    +....                   y - ring of poison resistance
Stlth   +++.......              (no ring)
HPRegen 0.18/turn               (no ring)
MPRegen 0.13/turn               (no ring)
                                (no ring)
                                (no ring)

@: no status effects
A: almost no armour, amphibious, 8 rings, camouflage 1, gelatinous body 1,
(nimble swimmer 1), tentacles
a: no special abilities


You were on level 5 of the Dungeon.
You visited 1 branch of the dungeon, and saw 5 of its levels.

You collected 157 gold pieces.
You spent 125 gold pieces at shops.

Inventory:

Hand Weapons
 a - a +0 shortbow (weapon)
 c - the +10 falchion "Cuazias" {pain, rN+++ rCorr Dex-2}
   (You found it on level 4 of the Dungeon)

   In the hands of one skilled in necromantic magic, it inflicts extra damage on
   living creatures.
   Dex:       It affects your dexterity (-2).
   rN:        It renders you almost immune to negative energy.
   rCorr:     It protects you from acid and corrosion.
 g - a +0 sling
 v - a +1 dagger of flaming
 C - a +1 glaive of flaming
Missiles
 e - 4 poisoned darts
Armour
 w - an orb of light
Jewellery
 k - a ring of willpower (left tentacle)
 p - an amulet of guardian spirit (around mantle)
 t - a ring of ice
 x - a +4 ring of evasion (right tentacle)
 y - a ring of poison resistance (on tentacle)
Scrolls
 b - 2 scrolls of immolation
 i - 4 scrolls of teleportation {unknown}
 j - a scroll of enchant armour {unknown}
 m - a scroll of noise {unknown}
 n - a scroll of magic mapping {unknown}
 o - 2 scrolls of brand weapon {unknown}
 z - a scroll of enchant weapon {unknown}
 A - a scroll of torment {unknown}
 B - a scroll of identify
Potions
 d - a potion of berserk rage
 f - a potion of mutation {unknown}
 h - 2 potions of haste
 l - a potion of magic {unknown}
 q - 2 potions of cancellation {unknown}
 r - 2 potions of degeneration {unknown}
 s - a potion of flight {unknown}
 u - a potion of heal wounds


   Skills:
 * Level 4.6 Fighting
 + Level 7.8 Ranged Weapons
 + Level 2.8 Dodging
 - Level 1.3 Stealth
 * Level 3.4 Spellcasting


You had 13 spell levels left.
You didn't know any spells.
Your spell library contained the following spells:

 Spells                   Type           Power      Damage    Failure   Level
 Summon Small Mammal      Summ           4%         N/A       26%         1
 Call Canine Familiar     Summ           1%         N/A       58%         3
 Inner Flame              Hex/Fire       1%         N/A       58%         3
 Summon Guardian Golem    Hex/Summ       1%         N/A       58%         3
 Vampiric Draining        Necr           1%         2d6       58%         3
 Cause Fear               Hex            0%         N/A       94%         4
 Corpse Rot               Necr/Pois/Air  1%         N/A       94%         4
 Blade Hands              Tmut           0%         N/A       100%        5
 Death Channel            Necr           0%         N/A       100%        6
 Iron Shot                Conj/Erth      0%         9d1       100%        6
 Discord                  Hex            0%         N/A       100%        8
 Animate Armour           Summ/Erth      Unusable   N/A       N/A         4

Dungeon Overview and Level Annotations

Branches:
Dungeon (5/15)
 Temple: D:4-7

Altars:
Elyvilon
Wu Jian

Shops:
D:1 :   D:3 *   D:4 !(

Annotations:
D:3 exclusion: downstairs


Innate Abilities, Weirdness & Mutations

You cannot wear most types of armour.
You are amphibious.
You can wear up to eight rings at the same time.
Your skin changes colour to match your surroundings (Stealth+).
Your rubbery body absorbs attacks. (AC +1, EV +1)
((You are camouflaged when in or above water. (Stealth+)))
You have tentacles for arms and can constrict up to eight enemies at once.


Message History

You start resting.
HP restored.
You climb downwards.
The ice beast hits you. The ice beast freezes you!
There is a stone staircase leading up, spattered with blood here.
You can't go down here!
You can't go down here!
You can't go down here!
You can't go down here!
Fire: a) +0 shortbow
Press: ? - help, Q - select action, (/) - cycle Shift-Dir - straight line, f - ice beast
Aim: an ice beast (65% to hit)
Okay, then.
You shoot an arrow. The arrow hits the ice beast.
The ice beast is lightly wounded.
The ice beast hits you. The ice beast freezes you!
You shoot an arrow. The arrow barely misses the ice beast.
The ice beast misses you.
You shoot an arrow. The arrow barely misses the ice beast.
The ice beast barely misses you.
You shoot an arrow. The arrow barely misses the ice beast.
The ice beast hits you. The ice beast freezes you!
You are too injured to fight recklessly!
You are too injured to fight recklessly!
You are too injured to fight recklessly!
You are too injured to fight recklessly!
You are too injured to fight recklessly!
You are too injured to fight recklessly!
Fire: a) +0 shortbow
Press: ? - help, Q - select action, (/) - cycle Shift-Dir - straight line, f/p - ice beast
Aim: an ice beast (lightly wounded, 65% to hit)
You shoot an arrow. The arrow hits the ice beast!
The ice beast is heavily wounded.
The ice beast hits you.
* * * LOW HITPOINT WARNING * * *
The ice beast freezes you!
* * * LOW HITPOINT WARNING * * *
The ice beast hits you.
* * * LOW HITPOINT WARNING * * *
The ice beast freezes you!
You die...

.#... #.##.........
.....##.##....).$..
##......[.#..........
####.. #l....#....>...
...... ##........).....
.....###...####...>...(
...........# #........
##...[...# #........ ..
#..)@...# #........
#...##....Y..##
######### #...........#
####........#
####[.##.## ##.......#
#...###..# #.### ####
#.#


You could see an ice beast and an iguana.

Vanquished Creatures
  Sigmund (D:5)
  A water moccasin (D:4)
  A black bear (D:4)
  An ogre (D:4)
  Blork the orc (D:5)
  2 scorpions (D:4)
  A necrophage (D:4)
  A howler monkey (D:5)
  2 hounds (D:3)
  2 orc priests (D:3)
  4 adders
  3 dart slugs
  8 orcs
  7 ball pythons
  9 endoplasms
  2 giant cockroaches
  11 goblins
  11 hobgoblins
  10 jackals
  8 quokkas
  6 bats
  4 frilled lizards
  2 kobolds
  4 rats
102 creatures vanquished.

Vanquished Creatures (others)
  3 plants (D:4)
3 creatures vanquished.

Grand Total: 105 creatures vanquished

Notes
Turn   | Place    | Note
-------+----------+-------------------------------------------
     0 | D:1      | jimonade the Octopode Hunter began the quest for the Orb.
     0 | D:1      | Reached XP level 1. HP: 14/14 MP: 1/1
    83 | D:1      | Reached XP level 2. HP: 19/19 MP: 2/2
   164 | D:1      | Found Burrifoluz's Book Emporium.
   480 | D:1      | Reached skill level 1 in Spellcasting
   656 | D:1      | Reached XP level 3. HP: 24/24 MP: 4/4
   746 | D:1      | Found a faded altar of an unknown god.
  1591 | D:2      | Reached XP level 4. HP: 9/29 MP: 4/6
  1869 | D:2      | Reached skill level 5 in Ranged Weapons
  2232 | D:3      | Reached XP level 5. HP: 15/36 MP: 2/7
  2585 | D:3      | Got Nottiy's Treatise on Blasphemous Arts
  2636 | D:3      | Found an ornate altar of the Wu Jian Council.
  2987 | D:3      | Found Hotead's Assorted Antiques.
  2996 | D:3      | Bought a marble ring for 125 gold pieces
  3196 | D:4      | Noticed a black bear
  3295 | D:4      | Found Posit's Weapon Shoppe.
  3336 | D:4      | Killed a black bear
  3337 | D:4      | Reached skill level 6 in Ranged Weapons
  3337 | D:4      | Reached XP level 6. HP: 30/42 MP: 5/9
  3358 | D:4      | Noticed a water moccasin
  3372 | D:4      | Killed a water moccasin
  3587 | D:4      | Found Bubbyotu's Distillery.
  3665 | D:3      | Reached XP level 7. HP: 32/46 MP: 7/10
  3784 | D:4      | Identified the +10 falchion "Cuazias" {pain, rN+++ rCorr
                  | Dex-2}
  4082 | D:4      | Found a white marble altar of Elyvilon.
  4615 | D:5      | Entered Level 5 of the Dungeon
  4617 | D:5      | Noticed Blork the orc
  4620 | D:5      | Reached skill level 7 in Ranged Weapons
  4844 | D:5      | Killed Blork the orc
  4885 | D:5      | Noticed Sigmund
  4900 | D:5      | Killed Sigmund
  4901 | D:5      | Reached XP level 8. HP: 29/54 MP: 6/13
  5090 | D:5      | Mangled by an ice beast

Illustrated notes

Levels and vault maps discovered:
D:1:      psy_arrival_radial01, layout_basic, chequers_ecumenical_altar_lobes,
          serial_shops, shop
D:2:      layout_rooms
D:3:      layout_rooms, mainiacjoe_overflow_alcove_1, serial_shops, shop
D:4:      layout_basic, elyvilon_altar_3, serial_shops,
          nicolae_shop_window_shopping, nicolae_shop_bloodbath_and_beyond,
          serial_bayou_pond_a
D:5:      layout_rooms, chequers_temple_overflow_statue_of_worship,
          skrybe_limestone_x, uniq_menkaure, uniq_sigmund, uniq_blork_the_orc

Skill      XL: |  1  2  3  4  5  6  7 |
---------------+----------------------+-----
Spellcasting   | 1 2 3 |  3.4
Ranged Weapons | 5 6 7 |  7.8
Fighting       | 3 4 |  4.6
Dodging        | |  2.8
Stealth        | |  1.3

Action                   |  1- 3 |  4- 6 |  7- 9 || total
-------------------------+-------+-------+-------++-------
 Fire: Shortbow          |   108 |   151 |   101 ||   360
Throw: Dart              |       |     1 |       ||     1
  Use: Scroll            |       |     3 |       ||     3
       Potion            |       |     1 |     1 ||     2
Armor: Skin              |     3 |     6 |     2 ||    11
Dodge: Dodged            |    33 |    72 |    46 ||   151

Table legend: (Time is in decaauts)
 A = Elapsed time spent in this place.
 B = Non-inter-level travel time spent in this place.
 C = Inter-level travel time spent in this place.
 D = Time resting spent in this place.
 E = Time spent auto-exploring this place.
 F = Levels seen in this place.
 G = Mean time per level.
                   A        B        C        D        E       F      G
               +--------+--------+--------+--------+--------+-----+--------+
         Total |   5176 |   4942 |    234 |   1117 |   2905 |   5 | 1035.2 |
       Dungeon |   5176 |   4942 |    234 |   1117 |   2905 |   5 | 1035.2 |
               +--------+--------+--------+--------+--------+-----+--------+

Top non-repeatable levels by time:
     D:4: 1648 daAuts
     D:1: 1413 daAuts
     D:2: 1027 daAuts
     D:3: 950 daAuts
     D:5: 136 daAuts
